cohdb
Replays
Latest Replays
All Replays
Popular Replays
Top Player Replays
Match Explorer
How It Works
Community
CoH3 Stats
Reddit
Sign in to upload your games and track your stats! →
Sign in with Steam
Match 42497405
Unlisted
Match 42497405
Overview
Messages
Build Orders
End
Construct Infanterie Kompanie
MG 42 Machine Gun Team
Grenadier Squad
GrW 34 Mortar Team
Grenadier Squad
Infanterie Officer Quarters
Grenadier Squad
Medical Station
Construct Luftwaffe Kompanie
Selects Breakthrough Battlegroup
Selects Assault Grenadiers
Selects 2.5-tonne Cargo Truck
2.5-tonne Cargo Truck
Support Elements
Grenadier Squad
Marder III M Tank Destroyer
Sodogu
💧CheckO ||30|| FpS💧
simranjitsingh713
Seweryn
Ace-sa
digitalvadim
0
0
Comments
sign in to comment!
No comments posted yet!